 Dungeon Crawl Stone Soup version 0.27-a0-1256-gced786f65e (webtiles) character file.

Game seed: 4238051006695154698

57378 robertstho the Eclecticist (level 15, -17/105 HPs)
             Began as a Djinni Fire Elementalist on June 10, 2021.
             Was an Initiate of Gozag.
             Killed from afar by a rime drake (32 damage)
             ... with a flash freeze
             ... on level 6 of the Lair of Beasts.
             The game lasted 00:50:30 (31648 turns).

robertstho the Eclecticist (DjFE)                  Turns: 31648, Time: 00:50:30

Health: -17/105    AC: 11    Str: 16    XL:     15   Next: 25%
Gold:   4245       EV: 14    Int: 22    God:    Gozag SH:  5 Dex: 15

rFire    + + +     SeeInvis +   V - +9 glaive "Ceozel" {flame, SInv}
rCold    . . .     Faith    .   (shield currently unavailable)
rNeg     . . .     Spirit   .   v - +2 robe {rC+}
rPois    ∞         Reflect  +   J - +2 hat {Will+}
rElec    .         Harm     .   u - +0 cloak
rCorr    .         Rampage  .   X - +3 pair of gloves of Wufidd {Str+3}
Will     ++...                  (boots unavailable)
Stlth    +++.......             S - amulet of reflection
HPRegen  0.27/turn              r - ring of protection from fire
MPRegen  0.00/turn              G - +6 ring of strength

@: flying, studying Polearms
A: sickness immunity, fire resistance 2, cold vulnerability 1, float, innate
caster, hp casting, extra vitality 1
a: Renounce Religion, Potion Petition, Call Merchant, Bribe Branch


You were on level 6 of the Lair of Beasts.
You worshipped Gozag.
Gozag was most pleased with you.
You visited 4 branches of the dungeon, and saw 23 of its levels.

You collected 7441 gold pieces.
You spent 2309 gold pieces at shops.
You paid 887 gold pieces to Gozag.

Inventory:

Hand Weapons
 l - a +2 short sword of draining
 z - the +6 short sword "Djinni's Foe" {speed, rC++ Dex+3}
   (You found it on level 5 of the Dungeon)

   Attacks with this weapon are significantly faster.
   It affects your dexterity (+3).
   It greatly protects you from cold.
 I - a +5 battleaxe
 V - the +9 glaive "Ceozel" (weapon) {flame, SInv}
   (You bought it in a shop on level 12 of the Dungeon)

   It has been specially enchanted to burn those struck by it, causing extra
   injury to most foes and up to half again as much damage against particularly
   susceptible opponents.
   Big, fiery blades are also staple armaments of hydra-hunters.
   It lets you see invisible.
Armour
 u - a +0 cloak (worn)
 v - a +2 robe of cold resistance (worn)
 J - a +2 hat of willpower (worn)
 W - a +2 robe of fire resistance
 X - the +3 pair of gloves of Wufidd (worn) {Str+3}
   (You bought it in a shop on level 2 of the Orcish Mines)

   It affects your strength (+3).
Magical Staves
 f - a staff of fire
Jewellery
 a - a +6 ring of strength
 r - a ring of protection from fire (left hand)
 y - a ring of willpower
 G - a +6 ring of strength (right hand)
 S - an amulet of reflection (around neck)
 Z - a +6 ring of dexterity
Wands
 j - a wand of iceblast (11)
 t - a wand of digging (4)
 A - a wand of paralysis (7)
 M - a wand of mindburst (21)
 O - a wand of charming (3)
Scrolls
 b - 3 scrolls of teleportation
 e - 2 scrolls of vulnerability
 g - 2 scrolls of torment
 h - 3 scrolls of enchant weapon
 k - 5 scrolls of fog
 n - a scroll of holy word
 o - 5 scrolls of magic mapping
 s - 3 scrolls of enchant armour
 x - 3 scrolls of immolation
 E - 4 scrolls of fear
 K - 3 scrolls of summoning
 L - a scroll of silence
 Q - a scroll of brand weapon
 T - 3 scrolls of blinking
Potions
 c - 2 potions of berserk rage
 d - 10 potions of curing
 i - 5 potions of brilliance
 m - 3 potions of heal wounds
 p - a potion of might
 q - a potion of resistance
 w - a potion of invisibility
 B - 3 potions of ambrosia
 D - a potion of cancellation
 F - 3 potions of attraction
 N - 2 potions of haste
 P - 3 potions of lignification
 R - 5 potions of mutation
Miscellaneous
 U - a phantom mirror


   Skills:
 * Level 9.3 Fighting
 + Level 1.4 Polearms
 + Level 5.7 Dodging
 + Level 5.4 Stealth
 + Level 1.4 Shields
 * Level 16.7 Spellcasting


You had 6 spell levels left.
You knew the following spells:

 Your Spells              Type           Power      Damage    Failure   Level
a - Foxfire               Conj/Fire      100%       2x1d9     0%          1
b - Conjure Flame         Conj/Fire      75%        6-21      0%          3
c - Inner Flame           Hex/Fire       75%        N/A       0%          3
d - Sticky Flame          Conj/Fire      75%        2d9       1%          4
e - Fireball              Conj/Fire      37%        3d15      1%          5
f - Summon Small Mammal   Summ           100%       N/A       0%          1
g - Ensorcelled Hibernat  Hex/Ice        100%       N/A       0%          2
h - Call Imp              Summ           75%        N/A       0%          2
i - Summon Lightning Spi  Summ/Air       75%        N/A       1%          4
j - Manifold Assault      Tloc           75%        N/A       1%          5
k - Lee's Rapid Deconstr  Erth           37%        3d20*     1%          5
l - Statue Form           Tmut/Erth      50%        N/A       1%          6
Your spell library was empty.

Dungeon Overview and Level Annotations

Branches:
Dungeon (14/15)            Temple (1/1) D:6            Lair (6/6) D:11
 Shoals (0/4) Lair:2        Snake (0/4) Lair:3        Slime (0/5) Lair:5
    Orc (2/2) D:12            Elf (0/3) Orc:2
 Vaults: D:13-14

Altars:
Ashenzari
Cheibriados
Dithmenos
Elyvilon
Fedhas
Gozag
Hepliaklqana
Kikubaaqudgha
Makhleb
Nemelex Xobeh
Okawaru
Qazlal
Ru
Sif Muna
Trog
Uskayaw
Vehumet
Wu Jian
Xom
Yredelemnul
Zin
The Shining One
Beogh

Shops:
D:11 *   D:12 (   Orc:2 (:[*

Portals:
Abyss: D:4
Trove: D:14 (give 4 scrolls of fear)

Annotations:
D:4 2 transporters, Dvallin's ghost, amateur MiGl
D:10 3 runed translucent doors, Zonian's ghost, novice HuCj
D:14 3 runed translucent doors, Vuniox's ghost, adept GrEE
Lair:2 exclusion: 3 oklob plants


Innate Abilities, Weirdness & Mutations

You are immune to sickness and miasma.
You are immune to poison.
Your flesh is very heat resistant. (rF++)
You are vulnerable to cold. (rC-)
You float through the air rather than walking.
You learn spells naturally, not from books.
Your magical power is your life essence.
You have superior vitality. (+4 HP)


Message History

A rime drake comes into view.
The blink frog blinks!
The cane toad gives a loud, deep croak!
The blink frog blinks!
The blink frog blinks!
The blink frog blinks!
The blink frog blinks!
The blink frog blinks!
The blink frog blinks!
The blink frog blinks! x2
The blink frog blinks!
The rime drake hisses angrily.
The blink frog blinks!
You block the rime drake's attack.
The rime drake bites you but does no damage.
The rime drake closely misses you.
The blink frog blinks!
The rime drake bites you but does no damage.
The rime drake bites you but does no damage.
The rime drake breathes ice at you. The flash freeze misses you.
The blink frog blinks!
The rime drake bites you but does no damage.
The blink frog blinks!
The rime drake breathes ice at you. The flash freeze hits you!!
* * * LOW HITPOINT WARNING * * *
You are encased in ice.
The rime drake bites you but does no damage.
The blink frog blinks!
The ice encasing you melts away. You block the rime drake's attack.
The rime drake misses you. The rime drake closely misses you.
The rime drake misses you. You block the rime drake's attack.
The rime drake bites you but does no damage.
The blink frog hits the fungus.
The fungus begins to die.
The rime drake bites you but does no damage.
The rime drake breathes ice at you. The flash freeze hits you!!
You die...
Your body crumbles into a pile of gold.

.. #...........
..##########...........
........##..$...PPPP...
..........S.$...PP♣P....
.......$....$..P.PPP...
...##PF....$$........
.....§§YY............
.....§§k≈≈§..........
..$..F§@§§F..........
......§§§§§..........
...#..§.§..#.#......
....#.....#####.#.. ...
....... .. .. ........#
. ........## ##.##P....


You could see 2 death yaks, a cane toad, a blink frog, a rime drake (catching
breath) and a water moccasin (wandering).

Vanquished Creatures
  Gastronok (D:8)
  An orc warlord (Orc:2)
  2 rakshasas (D:14)
  Fannar (Orc:1)
  2 boulder beetles
  9 hydras
  5 two-headed ogres
  A death knight (D:11)
  An orc high priest (Orc:2)
  4 death yaks
  4 orc knights
  2 oklob plants (D:11)
  2 ugly things
  4 orc sorcerers
  2 cyclopes
  A manticore (D:10)
  4 black mambas
  An elephant (Lair:4)
  A merfolk siren (Lair:2)
  9 cane toads
  A torpor snail (Lair:5)
  An unseen horror (D:9)
  2 gargoyles
  3 kobold demonologists (D:12)
  2 rime drakes
  A freezing wraith (D:14)
  5 komodo dragons
  A tengu conjurer (D:14)
  A polar bear (Lair:2)
  6 trolls
  5 slime creatures (D:12)
  3 dream sheep
  10 blink frogs
  Sigmund (D:5)
  A hog (shapeshifter) (D:14)
  39 yaks
  A steam dragon (D:8)
  3 wyverns
  Grum (D:9)
  13 vampire mosquitoes
  6 nagas (Lair:3)
  Duvessa (D:5)
  A swamp worm (D:12)
  Edmund (D:4)
  6 wargs
  11 water moccasins
  20 orc warriors
  A black bear (D:7)
  A sky beast (D:5)
  5 ogres
  25 wolves
  2 centaurs
  A phantom (D:5)
  3 kobold brigands (D:12)
  8 bullfrogs
  A scorpion (D:5)
  Dowan (D:5)
  2 gnoll sergeants
  2 electric eels (Lair:3)
  9 wights
  2 howler monkeys
  A bullfrog zombie (D:5)
  3 centaur zombies
  3 hounds
  11 orc priests
  Crazy Yiuf (D:5)
  2 centaur skeletons
  2 jellies
  An iguana (D:5)
  14 orc wizards
  A hound skeleton (D:5)
  A howler monkey zombie (D:6)
  10 adders
  10 gnolls
  A shadow imp (D:5)
  A white imp (D:4)
  3 dart slugs
  32 orcs
  6 ball pythons
  14 bats
  11 endoplasms
  2 giant cockroaches
  6 goblins
  11 jackals
  7 kobolds
  3 quokkas
  2 frilled lizards (D:3)
  7 rats
432 creatures vanquished.

Vanquished Creatures (collateral kills)
  An orc knight (Orc:1)
  A salamander (Lair:3)
  A black mamba (Lair:3)
  4 yaks (Lair:3)
  A floating eye (Lair:2)
  2 orc warriors
  An ogre (Orc:2)
  2 orc priests (Orc:1)
  An orc wizard (Orc:1)
  3 orcs
17 creatures vanquished.

Vanquished Creatures (others)
  A bush (Lair:2)
  668 foxfires
  21 fungi
  69 plants
759 creatures vanquished.

Grand Total: 1208 creatures vanquished

Notes
Turn   | Place    | Note
-------+----------+-------------------------------------------
     0 | D:1      | robertstho the Djinni Fire Elementalist began the quest for
                  | the Orb.
     0 | D:1      | Reached XP level 1. HP: 15/15 MP: 0/0
    37 | D:1      | Reached XP level 2. HP: 15/21 MP: 0/0
   272 | D:1      | Found a faded altar of an unknown god.
   295 | D:1      | Reached skill level 3 in Spellcasting
   484 | D:1      | Reached XP level 3. HP: 22/26 MP: 0/0
   484 | D:1      | Learned a level 1 spell: Summon Small Mammal
  1507 | D:2      | Reached XP level 4. HP: 27/31 MP: 0/0
  1962 | D:2      | Reached skill level 1 in Fighting
  2014 | D:2      | Reached XP level 5. HP: 32/37 MP: 0/0
  2014 | D:2      | Learned a level 2 spell: Ensorcelled Hibernation
  2537 | D:3      | Reached skill level 4 in Spellcasting
  4053 | D:4      | Noticed Edmund
  4062 | D:4      | Killed Edmund
  4063 | D:4      | Reached XP level 6. HP: 27/43 MP: 0/0
  4318 | D:4      | Noticed a small abomination
  4324 | D:4      | Found a transporter.
  4397 | D:4      | Found a transporter.
  4473 | D:4      | Found a broken altar of Ashenzari.
  4727 | D:4      | Found a one-way gate to the infinite horrors of the Abyss.
  4727 | D:4      | Noticed Dvallin's ghost (amateur MiGl)
  4842 | D:5      | Entered Level 5 of the Dungeon
  4880 | D:5      | Identified the +6 short sword "Djinni's Foe" {speed, rC++
                  | Dex+3}
  5161 | D:5      | Found a stormy altar of Qazlal.
  5173 | D:5      | Reached skill level 5 in Spellcasting
  5249 | D:5      | Reached XP level 7. HP: 11/49 MP: 0/0
  5249 | D:5      | Learned a level 2 spell: Call Imp
  6242 | D:5      | Reached skill level 6 in Spellcasting
  6248 | D:5      | Noticed a water moccasin
  6257 | D:5      | Killed a water moccasin
  6258 | D:5      | Reached XP level 8. HP: 37/55 MP: 0/0
  6299 | D:5      | Noticed Sigmund
  6307 | D:5      | Killed Sigmund
  6666 | D:5      | Reached skill level 7 in Spellcasting
  7185 | D:5      | Found a runed translucent door.
  7186 | D:5      | Noticed Crazy Yiuf
  7194 | D:5      | Killed Crazy Yiuf
  7360 | D:6      | Noticed Duvessa
  7363 | D:6      | Noticed Dowan
  7370 | D:5      | Killed Duvessa
  7371 | D:5      | Reached XP level 9. HP: 20/61 MP: 0/0
  7371 | D:5      | Learned a level 4 spell: Summon Lightning Spire
  7380 | D:5      | Killed Dowan
  7602 | D:6      | Noticed a troll
  7736 | D:5      | Killed a troll
  7737 | D:5      | Reached skill level 8 in Spellcasting
  8351 | D:6      | Found a staircase to the Ecumenical Temple.
  8361 | D:6      | You are sucked into a shaft and drop 1 floor!
  9179 | Temple   | Entered the Ecumenical Temple
  9364 | Temple   | Became a worshipper of Gozag Ym Sagoz the Greedy
 10228 | D:8      | Reached skill level 9 in Spellcasting
 10248 | D:8      | Reached XP level 10. HP: 18/68 MP: 0/0
 10334 | D:8      | Noticed Gastronok
 10553 | D:8      | Killed Gastronok
 10554 | D:8      | Reached skill level 10 in Spellcasting
 10839 | D:8      | Found a basalt altar of Yredelemnul.
 10899 | D:8      | Found a white marble altar of Elyvilon.
 11060 | D:9      | Noticed a freezing wraith
 11062 | D:9      | Noticed a manticore
 11062 | D:9      | Noticed a cyclops
 11062 | D:9      | Noticed a five-headed hydra
 11062 | D:9      | Noticed a boulder beetle
 11066 | D:9      | Noticed a salamander
 11066 | D:9      | a yak changed into a salamander
 11069 | D:9      | Noticed a boulder beetle
 11073 | D:9      | a salamander changed into a polar bear
 11079 | D:9      | Noticed Grum
 11081 | D:9      | Killed Grum
 11082 | D:9      | Reached skill level 5 in Fighting
 12168 | D:9      | Killed an unseen horror
 12169 | D:9      | Reached XP level 11. HP: 47/76 MP: 0/0
 12169 | D:9      | Learned a level 5 spell: Manifold Assault
 12596 | D:10     | Entered Level 10 of the Dungeon
 12759 | D:10     | Noticed a two-headed ogre
 12762 | D:10     | Killed a two-headed ogre
 12763 | D:10     | Reached skill level 11 in Spellcasting
 12763 | D:10     | Noticed a manticore
 12765 | D:10     | Killed a manticore
 12886 | D:10     | Noticed a two-headed ogre
 12893 | D:10     | Killed a two-headed ogre
 13011 | D:10     | Noticed a two-headed ogre
 13014 | D:10     | Killed a two-headed ogre
 13296 | D:10     | Found a runed translucent gate.
 13296 | D:10     | Found a runed translucent gate.
 13296 | D:10     | Found a runed translucent gate.
 13297 | D:10     | Noticed Zonian's ghost (novice HuCj)
 13297 | D:10     | Noticed a 12-headed hydra
 13297 | D:10     | Noticed a 12-headed hydra
 13830 | D:11     | Noticed a purple ugly thing
 13833 | D:11     | Killed a purple ugly thing
 13954 | D:11     | You are sucked into a shaft and drop 3 floors!
 13959 | D:14     | Found a runed translucent gate.
 13959 | D:14     | Found a runed translucent gate.
 13959 | D:14     | Found a runed translucent gate.
 14042 | D:14     | Reached skill level 12 in Spellcasting
 14061 | D:14     | Noticed a rakshasa
 14094 | D:14     | Noticed a blizzard demon
 14300 | D:14     | Noticed Vuniox's ghost (adept GrEE)
 14310 | D:14     | Found an iron altar of Okawaru.
 14524 | D:14     | Killed a rakshasa
 14525 | D:14     | Reached XP level 12. HP: 55/84 MP: 0/0
 14579 | D:14     | Noticed a boulder beetle
 14594 | D:14     | HP: 3/84 [boulder beetle (56)]
 14602 | D:14     | Killed a boulder beetle
 15025 | D:14     | Noticed a rakshasa
 15031 | D:14     | Killed a rakshasa
 15032 | D:14     | Reached skill level 5 in Dodging
 15032 | D:14     | Reached skill level 5 in Stealth
 15158 | D:14     | Found a portal to a secret trove of treasure.
 15305 | D:13     | Noticed a boulder beetle
 15315 | D:12     | Noticed a two-headed ogre
 15317 | D:12     | Killed a two-headed ogre
 15680 | D:12     | Noticed a two-headed ogre
 15683 | D:12     | Killed a two-headed ogre
 15737 | D:12     | Reached skill level 13 in Spellcasting
 16224 | D:12     | Noticed an eight-headed hydra
 16227 | D:12     | Killed an eight-headed hydra
 16684 | D:11     | Noticed a death knight
 16773 | D:11     | Noticed a boulder beetle
 16787 | D:11     | Found a staircase to the Lair.
 17294 | D:12     | Found a staircase to the Orcish Mines.
 17665 | D:12     | Found Liroof's Weapon Boutique.
 17672 | D:12     | Reached XP level 13. HP: 60/90 MP: 0/0
 17672 | D:12     | Learned a level 5 spell: Lee's Rapid Deconstruction
 17820 | D:12     | Bought the +9 glaive "Ceozel" {flame, SInv} for 814 gold
                  | pieces
 18382 | Orc:1    | Entered Level 1 of the Orcish Mines
 18382 | Orc:1    | Noticed Fannar
 18395 | Orc:1    | Killed Fannar
 18733 | Orc:1    | Reached skill level 14 in Spellcasting
 19444 | Orc:2    | Entered Level 2 of the Orcish Mines
 19647 | Orc:2    | Noticed an orc warlord
 19674 | Orc:2    | Killed an orc warlord
 20906 | Orc:2    | Found Itwiophu's General Store.
 20950 | Orc:2    | Found Plog's Antique Armour Shop.
 20955 | Orc:2    | Found Ylawico's Book Shop.
 20962 | Orc:2    | Found a staircase to the Elven Halls.
 20990 | Orc:2    | Bought a scroll of identify for 32 gold pieces
 20990 | Orc:2    | Bought a potion of attraction for 48 gold pieces
 20990 | Orc:2    | Bought a potion of flight for 48 gold pieces
 20990 | Orc:2    | Bought a scroll of acquirement for 832 gold pieces
 20990 | Orc:2    | Bought a scroll of teleportation for 48 gold pieces
 20991 | Orc:2    | Acquired 1149 gold pieces
 21069 | Orc:2    | Bought a pair of smoking gloves for 332 gold pieces
 21069 | Orc:2    | Identified the +3 pair of gloves of Wufidd {Str+3} (You
                  | bought it in a shop on level 2 of the Orcish Mines)
 21474 | Orc:2    | Found Cythef's Antique Weapon Shop.
 21653 | D:11     | Killed a boulder beetle
 22626 | D:11     | Bought a scroll labelled UFANYCOOVVO for 31 gold pieces
 22626 | D:11     | Bought a scroll of identify for 62 gold pieces
 22626 | D:11     | Bought a scroll of identify for 62 gold pieces
 22637 | D:11     | Reached skill level 15 in Spellcasting
 22896 | Lair:1   | Entered Level 1 of the Lair of Beasts
 23181 | Lair:1   | Reached XP level 14. HP: 88/98 MP: 0/0
 23940 | Lair:1   | You are sucked into a shaft and drop 1 floor!
 23946 | Lair:2   | Found a staircase to the Shoals.
 23961 | Lair:2   | Reached skill level 1 in Shields
 25063 | Lair:2   | Paralysed by a floating eye for 3 turns
 25336 | Lair:2   | Reached skill level 1 in Polearms
 26873 | Lair:3   | Found a staircase to the Snake Pit.
 27146 | Lair:3   | Reached skill level 16 in Spellcasting
 29633 | Lair:4   | Reached XP level 15. HP: 82/105 MP: 0/0
 29633 | Lair:4   | Learned a level 6 spell: Statue Form
 30245 | Lair:5   | Found a staircase to the Slime Pits.
 30442 | Lair:5   | Identified the +2 scale mail of the Hills {-Tele rElec
                  | Will+ Dex+6}
 31305 | Lair:5   | Acquired 1069 gold pieces
 31308 | Lair:5   | Acquired a manual of Polearms
 31510 | Lair:6   | Entered Level 6 of the Lair of Beasts
 31648 | Lair:6   | Killed from afar by a rime drake

Illustrated notes

Levels and vault maps discovered:
D:1:      nicolae_arrival_somewhat_less_tricky_arrival, layout_rooms,
          shapermc_ecumenical_altar_mp_highgroup, minmay_tetromino_t4
D:2:      layout_rooms
D:3:      layout_basic
D:4:      layout_layer_cave, kennysheep_mini, gammafunk_ghost_abyssal_escape,
          uniq_edmund
D:5:      layout_layer_cave, lemuel_round_altar, amcnicky_mini_pool_medium,
          uniq_crazy_yiuf_cottage, uniq_sigmund
D:6:      layout_basic, temple_doors_e, minmay_misc_feat_secret_circle,
          chequers_serial_rivers_room_a, uniq_duvessa
D:7:      layout_basic
D:8:      layout_rooms, kennysheep_ying_yang, kennysheep_small_square,
          uniq_gastronok
D:9:      layout_basic, minivault_12, uniq_grum
D:10:     layout_roguey, gammafunk_ghost_hydra_chop
D:11:     layout_roguey, dpeg_oklobed_lair, enter_bailey_2
D:12:     layout_basic, orc_david_3, nicolae_twisting_strands, worms_lemuel
D:13:     layout_small_grid, grunt_vaults_entry_tiered,
          portal_ice_cave_entry_pillars_1, grunt_decor_fettered
D:14:     layout_irregular_city, gammafunk_ghost_icy,
          nicolae_trove_entry_crystal, okawaru_gym_becter
Temple:   dpeg_five_rooms_temple
Lair:1:   beast_lair_carwin_large_1, layout_regular_city, serial_rivers,
          chequers_serial_rivers_large_a, chequers_serial_rivers_room_a,
          chequers_serial_rivers_small_b, chequers_serial_rivers_small_a,
          infiniplex_staircase_pool
Lair:2:   layout_regular_city, minmay_shoals_entry_lonely_mermaid,
          roderic_batcave, disabler_island
Lair:3:   layout_gridlike, minmay_snake_entry_guardpost_medium,
          grunt_megastairs_1
Lair:4:   layout_cave_pods, minivault_25, st_stairs_13,
          grunt_forest_stairs_basic, minmay_holes,
          chequers_serial_rivers_micro_b, minmay_shattered_shrine,
          serial_bayou_shore_b
Lair:5:   layout_small_grid, nicolae_slime_entry_slimehenge,
          infiniplex_staircase_pool_2
Lair:6:   due_jungle_book, layout_gridlike, minivault_19
Orc:1:    layout_caves, uniq_fannar
Orc:2:    grunt_orc_cross, layout_caves, nicolae_orc_tapped_out

Skill      XL: |  1  2  3  4  5  6  7  8  9 10 11 12 13 14 |
---------------+-------------------------------------------+-----
Spellcasting   | 3 4 5 6 7 9 10 12 13 15 16 | 16.7
Fighting       | 1 2 3 4 5 6 7 8 9 |  9.3
Stealth        | 2 3 4 5 |  5.4
Dodging        | 3 4 5 |  5.7
Shields        | 1 |  1.4
Polearms       | 1 |  1.4

Action                   |  1- 3 |  4- 6 |  7- 9 | 10-12 | 13-15 || total
-------------------------+-------+-------+-------+-------+-------++-------
Melee: Staff             |       |     1 |    15 |     6 |       ||    22
       Glaive            |       |       |       |       |    32 ||    32
 Cast: Foxfire           |    81 |   145 |   164 |       |       ||   390
       Sticky Flame      |       |       |    13 |    17 |    39 ||    69
       Fireball          |       |       |    13 |   127 |   328 ||   468
       Summon Lightning  |       |       |       |     3 |    20 ||    23
       Conjure Flame     |       |       |       |     2 |       ||     2
       Call Imp          |       |       |       |     1 |       ||     1
       Statue Form       |       |       |       |       |     1 ||     1
Invok: Potion Petition   |       |       |       |       |     1 ||     1
       Call Merchant     |       |       |       |       |     1 ||     1
  Use: Scroll            |       |    11 |       |     8 |    13 ||    32
       Potion            |       |       |       |     1 |     2 ||     3
 Stab: Sleeping          |       |     1 |       |       |       ||     1
       Distracted        |       |       |       |       |     1 ||     1
Armor: Robe              |       |     2 |     9 |     4 |    22 ||    37
       Skin              |       |       |       |       |    22 ||    22
Dodge: Dodged            |     2 |    21 |    30 |    14 |    70 ||   137
Block: Other             |       |       |       |    10 |    22 ||    32
       Reflection        |       |       |       |     2 |       ||     2

Table legend: (Time is in decaauts)
 A = Elapsed time spent in this place.
 B = Non-inter-level travel time spent in this place.
 C = Inter-level travel time spent in this place.
 D = Time resting spent in this place.
 E = Time spent auto-exploring this place.
 F = Levels seen in this place.
 G = Mean time per level.
                   A        B        C        D        E       F      G
               +--------+--------+--------+--------+--------+-----+--------+
         Total |  31700 |  30745 |    955 |   2615 |  25235 |  23 | 1378.3 |
       Dungeon |  19450 |  18634 |    816 |   1794 |  15040 |  14 | 1389.3 |
        Temple |    216 |    185 |     31 |      0 |    180 |   1 |  216.0 |
          Lair |   8785 |   8705 |     80 |    164 |   7799 |   6 | 1464.2 |
  Orcish Mines |   3247 |   3220 |     27 |    657 |   2216 |   2 | 1623.5 |
               +--------+--------+--------+--------+--------+-----+--------+

Top non-repeatable levels by time:
     D:5: 3096 daAuts
  Lair:2: 2381 daAuts
    D:12: 2242 daAuts
   Orc:2: 2175 daAuts
    D:11: 2074 daAuts
  Lair:3: 2068 daAuts
  Lair:4: 1720 daAuts
     D:9: 1459 daAuts
  Lair:5: 1412 daAuts
     D:4: 1373 daAuts
    D:14: 1350 daAuts
     D:7: 1345 daAuts
     D:1: 1328 daAuts
    D:10: 1248 daAuts
     D:3: 1131 daAuts
